 Dungeon Crawl Stone Soup version 0.27.1-1-g398f81649c (webtiles) character file.

Game seed: 14345687279190438403

167 101zpm the Shield-Bearer (level 5, -3/33 HPs)
             Began as a Gargoyle Fighter on Sept 19, 2021.
             Was an Initiate of the Shining One.
             Killed by divine providence
             ... invoked by an orc priest
              (13 damage)
             ... on level 4 of the Dungeon.
             The game lasted 00:04:20 (2612 turns).

101zpm the Shield-Bearer (Gargoyle Fighter)         Turns: 2612, Time: 00:04:20

Health: -3/33      AC: 19    Str: 20    XL:     5   Next: 48%
Magic:  5/5        EV:  2    Int:  9    God:    the Shining One [......]
Gold:   116        SH: 14    Dex:  9    Spells: 4/4 levels left

rFire    . . .     SeeInvis .   a - +0 flail
rCold    . . .     Faith    .   g - +0 tower shield
rNeg     + . .     Spirit   .   k - +0 plate armour
rPois    ∞         Reflect  .   f - +2 hat
rElec    +         Harm     .   n - +0 cloak
rCorr    .         Rampage  .   (no gloves)
Will     .....                  (no boots)
Stlth    ..........             m - amulet of regeneration
HPRegen  1.11/turn              (no ring)
MPRegen  0.09/turn              (no ring)

@: glowing
A: sickness immunity, AC +4, negative energy resistance 1, electricity
resistance, torment resistance 1, petrification resistance
a: Renounce Religion


You were on level 4 of the Dungeon.
You worshipped the Shining One.
The Shining One was noncommittal.
You visited 1 branch of the dungeon, and saw 4 of its levels.

You collected 116 gold pieces.

Inventory:

Hand Weapons
 a - a +0 flail (weapon)
Missiles
 e - 82 stones (quivered)
 o - 22 sling bullets
Armour
 f - a +2 hat (worn)
 g - a +0 tower shield (worn)
 k - a +0 plate armour (worn)
 n - a +0 cloak (worn)
 s - a +2 kite shield
Jewellery
 m - an amulet of regeneration (around neck)
Scrolls
 c - a scroll of enchant armour {unknown}
 i - a scroll of fear {unknown}
 j - a scroll of summoning {unknown}
 p - a scroll of fog {unknown}
 u - a scroll of identify {unknown}
Potions
 b - a potion of brilliance {unknown}
 d - a potion of might
 h - 2 potions of heal wounds {unknown}
 l - a potion of attraction {unknown}
 q - a potion of berserk rage {unknown}
 r - a potion of lignification {unknown}
 t - a potion of curing {unknown}


   Skills:
 + Level 3.7 Fighting
 + Level 3.1 Maces & Flails
 + Level 4.1 Armour
 + Level 0.8 Dodging
 + Level 4.8 Shields


You had 4 spell levels left.
You didn't know any spells.
Your spell library contained the following spells:

 Spells                   Type           Power      Damage    Failure   Level
 Summon Guardian Golem    Hex/Summ       0%         N/A       100%        3
 Cause Fear               Hex            0%         N/A       100%        4
 Dragon Form              Tmut           0%         N/A       100%        7
 Orb of Destruction       Conj           0%         N/A       100%        7
 Spellforged Servitor     Conj/Summ      0%         N/A       100%        7
 Dragon's Call            Summ           0%         N/A       100%        9


Dungeon Overview and Level Annotations

Branches:
Dungeon (4/15)
 Temple: D:4-7

Altars:
Gozag
Nemelex Xobeh
Qazlal
The Shining One


Innate Abilities, Weirdness & Mutations

You are immune to sickness and miasma.
Your stone body is resilient. (AC +4)
You are immune to poison.
You resist negative energy. (rN+)
You are resistant to electric shocks. (rElec)
You are resistant to unholy torment.
You are immune to petrification.


Message History

You are too injured to fight recklessly!
You are too injured to fight recklessly!
You are too injured to fight recklessly!
You are too injured to fight recklessly!
You are too injured to fight recklessly!
You are too injured to fight recklessly!
You are too injured to fight recklessly!
You are too injured to fight recklessly!
You are too injured to fight recklessly!
You are too injured to fight recklessly!
You are too injured to fight recklessly!
You barely miss the orc priest.
The orc priest is moderately wounded.
The orc priest looks encouraged for a moment.
You hit the orc priest.
The orc priest is heavily wounded.
You block the orc priest's attack. x2
Your plate armour prevents you from hitting the orc priest.
The orc priest is heavily wounded.
The orc priest calls down the wrath of Beogh upon you.
Beogh smites you!
* * * LOW HITPOINT WARNING * * *
You completely miss the orc priest.
The orc priest is heavily wounded.
The orc priest hits you but does no damage.
You block the orc priest's attack.
You hit the orc priest.
The orc priest is almost dead.
The orc priest mumbles some strange prayers to Beogh against you.
Pain shoots through your body!
* * * LOW HITPOINT WARNING * * *
You block the orc priest's attack.
You closely miss the orc priest.
The orc priest is almost dead.
You block the orc priest's attack.
You barely miss the orc priest.
The orc priest is almost dead.
The orc priest calls down the wrath of Beogh upon you.
Beogh smites you!
You die...

#.......#
#.......#
#..!o...#
#......=#
#.......#
#.......#
#.......#
######o#########
#oo@......#
#########.# #.#
#.# #.# #. #.#
#####.# .. #.#
#########...#.#
#. #.#
###...........#.#
#.##.#
...............#
#..#.#


You could see an orc priest and 2 orcs.

Vanquished Creatures
  A hound (D:4)
  An iguana (D:4)
  4 adders
  An adder skeleton (D:4)
  A worm (D:3)
  2 dart slugs (D:3)
  11 orcs
  3 bats
  3 endoplasms
  A giant cockroach (D:3)
  3 goblins
  4 hobgoblins
  7 jackals
  3 quokkas
  2 frilled lizards (D:2)
  4 kobolds
  2 rats
53 creatures vanquished.

Notes
Turn   | Place    | Note
-------+----------+-------------------------------------------
     0 | D:1      | 101zpm the Gargoyle Fighter began the quest for the Orb.
     0 | D:1      | Reached XP level 1. HP: 14/14 MP: 1/1
    45 | D:2      | Reached XP level 2. HP: 8/19 MP: 2/2
   816 | D:2      | Reached XP level 3. HP: 23/23 MP: 3/3
  1508 | D:3      | Reached XP level 4. HP: 28/28 MP: 4/4
  1891 | D:3      | Found a glowing golden altar of the Shining One.
  1891 | D:3      | Found an opulent altar of Gozag.
  1897 | D:3      | Found a stormy altar of Qazlal.
  1899 | D:3      | Found a sparkling altar of Nemelex Xobeh.
  1901 | D:3      | Found a faded altar of an unknown god.
  2161 | D:3      | Became a worshipper of the Shining One
  2206 | D:4      | Reached XP level 5. HP: 28/33 MP: 5/5
  2612 | D:4      | Killed from afar by an orc priest

Illustrated notes

Levels and vault maps discovered:
D:1:      dpeg_arrival_water_fire, layout_rooms, shapermc_ecumenical_altar_venn,
          minmay_heptomino_o4
D:2:      layout_loops_ring, grunt_ministairs_13
D:3:      layout_basic, chequers_temple_overflow_minitemple
D:4:      layout_basic

Skill      XL: |  1  2  3  4  5 |
---------------+----------------+-----
Shields        | 4 |  4.8
Armour         | 4 |  4.1
Maces & Flails | 3 |  3.1
Fighting       | |  3.7
Dodging        | |  0.8

Action                   |  1- 3 |  4- 6 || total
-------------------------+-------+-------++-------
Melee: Flail             |   112 |   162 ||   274
Armor: Scale mail        |    22 |       ||    22
       Plate armour      |    64 |   131 ||   195
Dodge: Dodged            |    20 |    19 ||    39
Block: Kite shield       |    18 |       ||    18
       Tower shield      |   111 |   182 ||   293
